 Dungeon Crawl Stone Soup version 0.23.2-1-ga50397a (webtiles) character file.

Game seed: 11697210359283605379

6588 IBeShadow the Quickloader (level 11, -3/71 HPs)
             Began as a Kobold Hunter on Apr 26, 2019.
             Was a Priest of Okawaru.
             Slain by an ogre
             ... wielding a +0 giant club
              (26 damage)
             ... on level 10 of the Dungeon on Apr 27, 2019.
             The game lasted 00:57:40 (13489 turns).

IBeShadow the Quickloader (Kobold Hunter)          Turns: 13489, Time: 00:57:41

Health: -3/71      AC: 10    Str: 11    XL:     11   Next: 21%
Magic:  12/12      EV: 13    Int: 14    God:    Okawaru [***...]
Gold:   553        SH:  0    Dex: 16    Spells: 10/10 levels left

rFire    . . .     SeeInvis .   a - +1 hand crossbow
rCold    + . .     Gourm    .   (shield restricted)
rNeg     + . .     Faith    .   M - +1 ring mail {rC+}
rPois    .         Spirit   .   I - +2 hat
rElec    .         Reflect  .   (no cloak)
rCorr    .         Harm     .   i - +0 pair of gloves
MR       +....                  E - +0 pair of boots
Stlth    +.........             (no amulet)
HPRegen  0.21/turn              q - ring of positive energy
MPRegen  0.13/turn              y - ring of protection from magic

@: no status effects
A: small, carnivore
a: Heroism, Renounce Religion


You were on level 10 of the Dungeon.
You worshipped Okawaru.
Okawaru was most pleased with you.
You were completely stuffed.

You visited 2 branches of the dungeon, and saw 11 of its levels.
You also visited: Ossuary.

You collected 553 gold pieces.

Inventory:

Hand Weapons
 a - a +1 hand crossbow (weapon)
 b - a +0 short sword
 j - a +2 dagger of electrocution
 k - a +0 dagger of venom
 u - the +2 falchion "Quungeu" {flame, rElec Dex+4 SInv}
   (You found it on level 4 of the Dungeon)

   It has been specially enchanted to burn those struck by it, causing extra
   injury to most foes and up to half again as much damage against particularly
   susceptible opponents.
   Big, fiery blades are also staple armaments of hydra-hunters.
   It affects your dexterity (+4).
   It insulates you from electricity.
   It lets you see invisible.
 O - a +0 arbalest
 P - a +2 dagger of speed
Missiles
 d - 76 bolts (quivered)
Armour
 i - a +0 pair of gloves (worn)
 E - a +0 pair of boots (worn)
 I - a +2 hat (worn)
 M - a +1 ring mail of cold resistance (worn)
Magical Staves
 R - an uncursed staff of wizardry {unknown}
Jewellery
 l - an uncursed ring of magical power
 q - a ring of positive energy (left hand)
 y - a ring of protection from magic (right hand)
 K - an uncursed ring of see invisible
 S - a +3 ring of intelligence
Wands
 c - a wand of random effects (16)
 t - a wand of scattershot (2)
 N - a wand of paralysis (7)
 Q - a wand of disintegration (14)
Scrolls
 e - 7 scrolls of remove curse
 g - a scroll of identify
 h - 2 scrolls of fog
 m - a scroll of fear
 n - a scroll of blinking
 p - 4 scrolls of enchant weapon
 r - 2 scrolls of amnesia
 C - 2 scrolls of teleportation
 F - a scroll of magic mapping {unknown}
 H - a scroll of enchant armour {unknown}
 J - a scroll of immolation {unknown}
 L - a scroll of torment {unknown}
 U - a scroll of brand weapon {unknown}
Potions
 o - 2 potions of flight
 s - 2 potions of mutation
 v - a potion of berserk rage {unknown}
 w - 2 potions of haste
 x - 2 potions of degeneration
 z - a potion of brilliance {unknown}
 A - 3 potions of agility
 B - a potion of magic {unknown}
 D - 3 potions of ambrosia
 G - 2 potions of curing
Comestibles
 f - 13 rations
 T - 4 chunks of flesh


   Skills:
 + Level 9.2 Fighting
 + Level 10.6 Short Blades
 + Level 13.7 Crossbows
 - Level 2.4 Dodging
 - Level 1.3 Stealth
 + Level 2.4 Invocations


You had 10 spell levels left.
You didn't know any spells.
Your spell library contained the following spells:

 Spells                   Type           Power        Failure   Level  Hunger
 Magic Dart               Conj           #...         56%         1    ##.....
 Summon Butterflies       Summ           #.......     56%         1    ##.....
 Searing Ray              Conj           #.....       71%         2    ###....
 Call Canine Familiar     Summ           #.......     91%         3    ####...
 Dazzling Spray           Conj/Hex       #.....       91%         3    ####...
 Force Lance              Conj/Tloc      #.......     100%        4    #####..
 Fulminant Prism          Conj/Hex       #.........   100%        4    #####..
 Iskenderun's Mystic Bla  Conj           #.......     100%        4    #####..
 Summon Ice Beast         Ice/Summ       #.......     100%        4    #####..
 Summon Mana Viper        Hex/Summ       #.......     100%        5    ######.
 Summon Hydra             Summ           #.........   100%        7    #######


Dungeon Overview and Level Annotations

Branches:
Dungeon (10/15)            Temple (1/1) D:7            Lair (0/6) D:8
    Orc (0/2) D:9

Altars:
Ashenzari
Cheibriados
Dithmenos
Elyvilon
Fedhas
Gozag
Hepliaklqana
Kikubaaqudgha
Makhleb
Nemelex Xobeh
Okawaru
Qazlal
Ru
Sif Muna
Trog
Uskayaw
Vehumet
Wu Jian
Xom
Yredelemnul
Zin
The Shining One

Shops:
D:4 }   D:7 %


Innate Abilities, Weirdness & Mutations

You are small and have problems with some larger weapons.
You are carnivorous and can eat meat at any time.


Message History

Your +2 dagger of electrocution stops crackling.
a - a +1 hand crossbow (weapon)
You climb downwards.
An ogre comes into view. It is wielding a +0 giant club.
The ogre hits you with a +0 giant club!!
There is a stone staircase leading up, spattered with blood here.
The ogre barely misses you.
Firing (i - inventory)
d - 78 bolts (quivered)
Press: ? - help, Shift-Dir - straight line, f - ogre
Aim: an ogre, wielding a +0 giant club You shoot a bolt.
The bolt hits the ogre!
The ogre is moderately wounded.
The ogre hits you with a +0 giant club!!
Firing (i - inventory)
d - 77 bolts (quivered)
Press: ? - help, Shift-Dir - straight line, f/p - ogre
Aim: an ogre, wielding a +0 giant club (moderately wounded)
You shoot a bolt. The bolt hits the ogre.
The ogre is heavily wounded.
The ogre hits you with a +0 giant club!!
You die...

######## #...@O<#
##......# #......#
##....## #######..#
..## #...#..... .
...#.... .
#######..##..# .#
##....##..##..##.###


You could see an ogre.

Vanquished Creatures
  A hornet (D:10)
  A hippogriff (D:9)
  2 wargs
  A black bear (D:8)
  4 orc warriors
  2 ice beasts
  2 sky beasts
  A phantom (D:4)
  An ogre (D:9)
  8 centaurs
  6 bullfrogs
  A gnoll sergeant (D:9)
  2 water moccasin zombies
  9 scorpions
  14 killer bees
  9 wights
  2 howler monkeys (D:10)
  2 crimson imps
  2 human zombies (Ossuary)
  A bullfrog zombie (D:5)
  2 centaur zombies (Ossuary)
  5 hounds
  7 orc priests
  3 centaur skeletons
  A bullfrog skeleton (D:4)
  3 iguanas
  16 orc wizards
  10 worker ants
  2 killer bee zombies
  4 big kobold zombies (Ossuary)
  A hound zombie (D:5)
  3 mummies (Ossuary)
  6 gnolls
  7 scorpion zombies (Ossuary)
  12 adders
  A shadow imp (D:9)
  2 oozes
  3 adder skeletons
  5 worms
  5 dart slugs
  7 leopard geckos
  39 orcs
  A ball python (D:1)
  5 giant cockroaches
  9 goblins
  4 hobgoblins
  4 jackals (D:2)
  2 quokkas
  A ball python skeleton (D:4)
  9 bats
  2 frilled lizards (D:1)
  A goblin zombie (Ossuary)
  2 hobgoblin zombies (Ossuary)
  A jackal skeleton (D:6)
  10 kobolds
  2 kobold zombies (Ossuary)
  3 orc zombies (Ossuary)
  4 rats
275 creatures vanquished.

Vanquished Creatures (others)
  A bat (D:1)
  A rat (D:1)
2 creatures vanquished.

Grand Total: 277 creatures vanquished

Notes
Turn   | Place    | Note
-------+----------+-------------------------------------------
     0 | D:1      | IBeShadow the Kobold Hunter began the quest for the Orb.
     0 | D:1      | Reached XP level 1. HP: 12/12 MP: 1/1
    21 | D:1      | Reached skill level 5 in Crossbows
    44 | D:1      | Reached XP level 2. HP: 16/18 MP: 2/2
   108 | D:1      | Reached skill level 1 in Short Blades
   414 | D:1      | Reached XP level 3. HP: 22/22 MP: 3/3
  1034 | D:2      | Reached XP level 4. HP: 27/27 MP: 4/4
  1083 | D:2      | Reached skill level 6 in Crossbows
  1093 | D:2      | Reached XP level 5. HP: 12/32 MP: 5/5
  1805 | D:3      | Found a radiant altar of Vehumet.
  1856 | D:3      | Reached XP level 6. HP: 19/38 MP: 6/6
  2390 | D:3      | Reached skill level 7 in Crossbows
  3091 | D:3      | Found a sacrificial altar of Ru.
  3398 | D:4      | Reached XP level 7. HP: 29/43 MP: 7/7
  3485 | D:4      | Found a shattered altar of Ashenzari.
  3664 | D:4      | Found Jaudgh's Gadget Shop.
  3785 | D:4      | Reached skill level 8 in Crossbows
  3882 | D:4      | Got a scorched falchion
  3883 | D:4      | Identified the +2 falchion "Quungeu" {flame, rElec Dex+4
                  | SInv} (You found it on level 4 of the Dungeon)
  3972 | D:4      | Found a burning altar of Makhleb.
  3972 | D:4      | Found an ornate altar of the Wu Jian Council.
  3995 | D:5      | Entered Level 5 of the Dungeon
  4324 | D:5      | Reached skill level 5 in Short Blades
  4367 | D:5      | Found a sand-covered staircase.
  4409 | Ossuary  | Entered an ossuary
  4420 | Ossuary  | Reached XP level 8. HP: 48/48 MP: 8/8
  4454 | Ossuary  | Reached skill level 5 in Fighting
  4808 | Ossuary  | Reached skill level 9 in Crossbows
  5715 | Ossuary  | Reached skill level 10 in Crossbows
  5928 | D:5      | Reached XP level 9. HP: 50/55 MP: 9/9
  6399 | D:5      | Found a stormy altar of Qazlal.
  7166 | D:6      | Reached skill level 11 in Crossbows
  7517 | D:7      | Found a staircase to the Ecumenical Temple.
  8158 | Temple   | Entered the Ecumenical Temple
  8261 | Temple   | Became a worshipper of Warmaster Okawaru
  8631 | D:7      | Found a basalt altar of Yredelemnul.
  8691 | D:7      | Reached XP level 10. HP: 63/63 MP: 10/10
  8812 | D:7      | Reached skill level 12 in Crossbows
  9100 | D:7      | Found Joxeo's Food Shop.
  9300 | D:8      | Found a blossoming altar of Fedhas.
  9544 | D:7      | Reached * piety under Okawaru
  9827 | D:8      | Noticed an eight-headed hydra
 10341 | D:8      | Found a staircase to the Lair.
 10576 | D:9      | Found a glowing golden altar of the Shining One.
 10942 | D:9      | Reached skill level 13 in Crossbows
 11077 | D:9      | Found a staircase to the Orcish Mines.
 11145 | D:9      | HP: 2/65 [orc warrior/+0 glaive (21)]
 11156 | D:10     | Entered Level 10 of the Dungeon
 11158 | D:10     | Reached ** piety under Okawaru
 11510 | D:10     | Reached skill level 10 in Short Blades
 11805 | D:10     | Reached XP level 11. HP: 66/69 MP: 11/11
 11949 | D:10     | Reached skill level 1 in Invocations
 11977 | D:10     | HP: 1/69 [steam dragon/ball of steam (13)]
 12791 | D:9      | Reached *** piety under Okawaru
 13489 | D:10     | Slain by an ogre

Skill      XL: |  1  2  3  4  5  6  7  8  9 10 11 |
---------------+----------------------------------+-----
Crossbows      | 5 6 7 8 10 11 13 | 13.7
Short Blades   | 1 2 3 4 5 6 8 10 | 10.6
Fighting       | 3 4 6 7 8 9 |  9.2
Invocations    | 2 |  2.4
Dodging        | |  2.4
Stealth        | |  1.3

Action                   |  1- 3 |  4- 6 |  7- 9 | 10-12 || total
-------------------------+-------+-------+-------+-------++-------
Melee: Short sword       |   102 |       |       |       ||   102
       Dagger            |    20 |   122 |   373 |   351 ||   866
       Falchion          |       |       |     3 |       ||     3
 Fire: Hand crossbow     |     4 |    55 |   182 |    80 ||   321
       Arbalest          |       |       |       |     8 ||     8
Evoke: Wand              |       |       |     1 |     3 ||     4
  Use: Scroll            |       |     3 |     9 |     8 ||    20
       Potion            |       |       |     1 |     5 ||     6
 Stab: Sleeping          |     1 |     1 |     1 |       ||     3
       Paralysed         |       |     1 |       |       ||     1
  Eat: Chunk             |     9 |     7 |    17 |    15 ||    48
Armor: Leather armour    |    27 |    31 |    20 |       ||    78
       Ring mail         |       |       |    63 |    93 ||   156
Dodge: Dodged            |   130 |    99 |   205 |   217 ||   651
       Rpst.: Falchion   |       |       |     1 |       ||     1
